 Dungeon Crawl Stone Soup version 0.29.1-13-g9f3cf754e1 (webtiles) character file.

Game seed: 12591650835805088333

64 croobank the Caller (level 3, 0/15 HPs)
             Began as a Felid Summoner on Feb 8, 2023.
             Slain by a quokka (5 damage)
             ... on level 2 of the Dungeon.
             The game lasted 00:05:27 (2578 turns).

croobank the Caller (Felid Summoner)                Turns: 2578, Time: 00:05:27

Health: 0/15       AC:  1    Str:  4    XL:     3   Next: 91%
Magic:  2/7        EV: 18    Int: 18    God:
Gold:   19         SH:  0    Dex: 16    Spells: 1/7 levels left
                                        Lives:  0   Deaths: 0

rFire   . . .      SeeInvis +   (weapon unavailable)
rCold   . . .      Faith    .   (shield unavailable)
rNeg    . . .      Spirit   .   (body armour unavailable)
rPois   .          Reflect  .   (helmet unavailable)
rElec   .          Harm     .   (cloak unavailable)
rCorr   .          Rampage  .   (gloves unavailable)
Will    .....                   (boots unavailable)
Stlth   ++........              (no amulet)
HPRegen 0.05/turn               (no ring)
MPRegen 0.10/turn               (no ring)

@: quick
A: very small, claws 1, fangs 3, see invisible, speed 1, shaggy fur 1, stealthy
paws, no weapons or thrown items, no armour, multi-lived
a: no special abilities


You were on level 2 of the Dungeon.
You visited 1 branch of the dungeon, and saw 2 of its levels.

You collected 45 gold pieces.
You spent 26 gold pieces at shops.

Inventory:

Scrolls
 f - a scroll of vulnerability {unknown}
Potions
 a - a potion of magic
 b - a potion of might
 c - a potion of cancellation
 d - a potion of berserk rage {unknown}
 e - a potion of brilliance {unknown}
 g - a potion of haste {unknown}
 i - a potion of mutation {unknown}
 k - a potion of attraction {unknown}


   Skills:
 + Level 1.0 Fighting
 + Level 3.6 Dodging
 - Level 3.4 Stealth
 + Level 2.5 Spellcasting
 + Level 4.4 Summonings


You had one spell level left.
You knew the following spells:

 Your Spells              Type           Power      Damage    Failure   Level
a - Summon Small Mammal   Summ           72%        N/A       2%          1
b - Call Imp              Summ           18%        N/A       4%          2
c - Call Canine Familiar  Summ           18%        N/A       9%          3

Your spell library contained the following spells:

 Spells                   Type           Power      Damage    Failure   Level
 Summon Guardian Golem    Hex/Summ       10%        N/A       21%         3
 Stone Arrow              Conj/Erth      4%         3d7       45%         3
 Summon Lightning Spire   Summ/Air       10%        N/A       56%         4
 Lehudib's Crystal Spear  Conj/Erth      1%         10d2      100%        8
 Animate Armour           Summ/Erth      Unusable   N/A       N/A         4

Dungeon Overview and Level Annotations

Branches:
Dungeon (2/15)

Altars:

Shops:
D:2 ?

Annotations:
D:2 Sigmund


Innate Abilities, Weirdness & Mutations

You have sharp claws.
You have razor-sharp teeth.
You have supernaturally acute eyesight. (SInv)
You cover ground quickly. (Speed+)
You are covered in fur. (AC +1)
Your paws help you pounce on unaware monsters.
You are incapable of wielding weapons or throwing items.
You cannot wear armour.
You gain extra lives every three experience levels.


Message History

Your bat barely misses the adder.
Your hound closely misses the adder.
Your bat hits the adder. You scratch the adder.
The adder is severely wounded.
Your bat closely misses the adder.
Your bat misses the adder. The adder misses you.
Your hound barely misses the adder.
You barely miss the adder. Your bite misses the adder.
The adder is severely wounded.
Your bat hits the adder but does no damage.
Your hound bites the adder but does no damage.
Your bat barely misses the adder.
You scratch the adder.
You kill the adder!
Your Fighting skill increases to level 1!
Your crimson imp blinks!
Your bat disappears in a puff of smoke!
Your hound disappears in a puff of smoke!
Your bat disappears in a puff of smoke!
You open the door.
Found an escape hatch in the floor.
There is an open door here.
You open the door.
Your crimson imp disappears in a puff of smoke!
Found a stone staircase leading down.
As you open the door, it creaks loudly!
A quokka comes into view.
You barely miss the quokka. You bite the quokka, but do no damage.
The quokka bites you.
You barely miss the quokka. The quokka completely misses you.
You closely miss the quokka. The quokka bites you.
Casting: Summon Small Mammal (safe; 2% risk of failure)
Confirm with . or Enter, or press ? or * to list all spells.
A beastly little devil appears in a puff of flame.
The quokka bites you.
Casting: Call Imp (safe; 4% risk of failure)
Confirm with . or Enter, or press ? or * to list all spells.
The quokka misses you.
Your crimson imp blinks!
The quokka bites you.
You die...

#.# #.# #.# #..
#.# .>.#.# #.#
...#.# #.#
#.##.#.####.#
#.##.#.#....#####
#.##.#...5...ยง@h#
#.##.###.######r#
##'##.....# .#
##.....##### .#
.......'...... .#
##.....####### .#
##...(.# .#
.'.....+ .#
##.....#


You could see a quokka (ally target), a friendly hound (summoned) and a friendly
crimson imp (summoned).

Vanquished Creatures
  2 adders (D:2)
  2 endoplasms (D:1)
  2 giant cockroaches (D:1)
  A goblin (D:1)
  A hobgoblin (D:1)
  A quokka (D:2)
  2 rats (D:1)
11 creatures vanquished.

Vanquished Creatures (collateral kills)
  A worm (D:2)
  3 dart slugs (D:1)
  An endoplasm (D:1)
  3 giant cockroaches
  2 hobgoblins (D:1)
  4 jackals (D:2)
  2 kobolds (D:1)
  2 ball pythons
  4 bats
  A frilled lizard (D:1)
  A rat (D:2)
24 creatures vanquished.

Grand Total: 35 creatures vanquished

Notes
Turn   | Place    | Note
-------+----------+-------------------------------------------
     0 | D:1      | croobank the Felid Summoner began the quest for the Orb.
     0 | D:1      | Reached XP level 1. HP: 7/7 MP: 4/4
   173 | D:1      | Reached XP level 2. HP: 11/11 MP: 3/6
   372 | D:1      | Learned a level 2 spell: Call Imp
   986 | D:1      | Reached XP level 3. HP: 14/14 MP: 2/7
   990 | D:1      | Learned a level 3 spell: Call Canine Familiar
  1664 | D:2      | Noticed Sigmund
  2078 | D:2      | Found Ughy's Magic Scroll Shop.
  2086 | D:2      | Bought a scroll of identify for 26 gold pieces
  2516 | D:2      | Reached skill level 1 in Fighting
  2578 | D:2      | Slain by a quokka

Illustrated notes

Levels and vault maps discovered:
D:1:      lemuel_arrival_muddy, layout_basic, minmay_misc_feat_rows
D:2:      layout_basic, serial_shops, shop, uniq_crazy_yiuf_cottage,
          uniq_sigmund

Skill      XL: |  1  2  3 |
---------------+----------+-----
Stealth        | 3 |  3.4
Dodging        | 3 |  3.6
Fighting       | 1 |  1.0
Spellcasting   | |  2.5
Summonings     | |  4.4

Action                   || total
-------------------------++-------
Melee: Unarmed           ||    36
       Bite              ||     6
 Cast: Summon Small Mamm ||    44
       Call Imp          ||    15
       Call Canine Famil ||     7
  Use: Scroll            ||     4
 Stab: Distracted        ||     1
       Sleeping          ||     1
Armor: Skin              ||     2
Dodge: Dodged            ||    31
